 Dungeon Crawl Stone Soup version 0.32-a0-953-g508020473e (webtiles) character file.

Game seed: 15397240815657067371

41798 tilp the Carver (level 13, 0/83 HPs)
             Began as a Vampire Enchanter on Apr 16, 2024.
             Was a High Priest of Wu Jian.
             Slain by a death yak (17 damage)
             ... on level 4 of the Lair of Beasts.
             The game lasted 00:39:39 (15646 turns).

tilp the Carver (Vampire Enchanter)                Turns: 15646, Time: 00:39:39

Health: 0/83       AC: 14    Str:  7    XL:     13   Next: 82%
Magic:  10/23      EV: 19    Int: 22    God:    Wu Jian [*****.]
Gold:   760        SH:  5    Dex: 19    Spells: 15/26 levels left

rFire   + . .        b - +5 long sword (freeze)
rCold   + + .        n - +0 buckler
rNeg    + + +        M - +2 robe {rF+}
rPois   ∞            y - +2 helmet
rElec   .            (no cloak)
rCorr   +            (no gloves)
SInv    +            i - +2 pair of boots
Will    +....        L - amulet of Wabuupil {RegenMP+ rCorr Dex+4 Slay+3}
Stlth   +++++++      K - +5 ring of evasion
HPRegen 0.00/turn    C - +4 ring of protection
MPRegen 0.58/turn

%: no passive effects
@: confusing by touch, bloodless, inhibited regen
A: bloodless, fangs 3, see invisible, vampiric 2
a: Bat Form, Revivify, Renounce Religion, Wall Jump, Serpent's Lash, Heavenly
Storm


You were on level 4 of the Lair of Beasts.
You worshipped Wu Jian.
Wu Jian was extremely pleased with you.
You visited 3 branches of the dungeon, and saw 16 of its levels.

You collected 760 gold pieces.

Inventory:

Hand Weapons
 a - a +6 dagger of electrocution
 b - a +5 long sword of freezing (weapon)
 p - a +4 dagger of freezing
Missiles
 l - 27 poisoned darts (quivered)
 s - 23 boomerangs
 v - 6 atropa-tipped darts
 H - 7 curare-tipped darts {!f}
 R - 7 javelins
Armour
 i - a +2 pair of boots (worn)
 n - a +0 buckler (worn)
 y - a +2 helmet (worn)
 B - a +0 kite shield
 M - a +2 robe of fire resistance (worn)
Jewellery
 q - a ring of positive energy
 r - a ring of willpower
 w - the ring of Dawn {Fly Str+2}
   (You found it on level 4 of the Dungeon)

   [ring of flight]

   Str+2:     It affects your strength (+2).
   Fly:       It grants you flight.
 C - a +4 ring of protection (right hand)
 I - a ring of resist corrosion
 K - a +5 ring of evasion (left hand)
 L - the amulet of Wabuupil (around neck) {RegenMP+ rCorr Dex+4 Slay+3}
   (You acquired it on level 8 of the Dungeon)

   [amulet of magic regeneration]

   It increases your rate of magic regeneration.
   Dex+4:     It affects your dexterity (+4).
   Slay+3:    It affects your accuracy & damage with ranged weapons and melee
   (+3).
   rCorr:     It protects you from acid and corrosion.
   RegenMP+:  It increases your rate of magic regeneration.
 N - a +6 ring of intelligence
 P - an amulet of regeneration
 Q - an amulet of the acrobat
Wands
 z - a wand of iceblast (18)
 A - a wand of polymorph (9)
 E - a wand of mindburst (10)
 F - a wand of charming (3)
 T - a wand of flame (8)
Scrolls
 d - a scroll of fear
 f - 3 scrolls of revelation
 t - a scroll of fog
 u - 3 scrolls of blinking
 G - 5 scrolls of teleportation
 O - a scroll of vulnerability
 U - a scroll of immolation {unknown}
Potions
 c - a potion of invisibility
 e - 2 potions of attraction
 g - 2 potions of berserk rage
 h - 2 potions of might
 j - 3 potions of brilliance
 k - 6 potions of curing
 m - 2 potions of haste
 o - 3 potions of lignification
 x - 2 potions of ambrosia {unknown}
 D - 2 potions of magic {unknown}
 J - 3 potions of cancellation
 S - a potion of mutation {unknown}


   Skills:
 * Level 10.5 Fighting
 - Level 3.0(10.2) Short Blades
 - Level 13.8(14.0) Long Blades
 + Level 6.5 Dodging
 + Level 12.6 Stealth
 + Level 4.5 Shields
 + Level 7.3 Spellcasting
 + Level 12.4 Hexes
 + Level 4.5 Evocations


You had 15 spell levels left.
You knew the following spells:

 Your Spells              Type           Power      Damage    Failure   Level
a - Ensorcelled Hibernat  Hex/Ice        70%        N/A       1%          2
b - Confusing Touch       Hex            58%        N/A       1%          3
c - Tukima's Dance        Hex            58%        N/A       1%          3
d - Dazzling Flash        Conj/Hex       70%        N/A       3%          3

Your spell library contained the following spells:

 Spells                   Type           Power      Damage    Failure   Level
 Slow                     Hex            100%       N/A       1%          1
 Anguish                  Hex/Necr       17%        N/A       10%         4
 Apportation              Tloc           16%        N/A       13%         1
 Summon Small Mammal      Summ           32%        N/A       13%         1
 Cigotuvi's Dreadful Rot  Necr/Alch/Air  16%        N/A       19%         2
 Sublimation of Blood     Necr           8%         N/A       19%         2
 Call Canine Familiar     Summ           8%         N/A       36%         3
 Vampiric Draining        Necr           8%         2d6       36%         3
 Animate Armour           Summ/Erth      16%        N/A       77%         4
 Dispel Undead            Necr           8%         3d8       77%         4
 Martyr's Knell           Necr/Summ      8%         N/A       77%         4
 Summon Blazeheart Golem  Fire/Summ      8%         N/A       77%         4
 Lee's Rapid Deconstruct  Erth           4%         3d5*      98%         5
 Gell's Gavotte           Tloc           4%         2d(13-19) 100%        6
 Magnavolt                Erth/Air       4%         3d10      100%        7
 Chain Lightning          Conj/Air       4%         3d5       100%        9
 Fire Storm               Conj/Fire      4%         8d1       100%        9
 Shatter                  Erth           4%         3d7*      100%        9


Dungeon Overview and Level Annotations

Branches:
Dungeon (11/15)            Temple (1/1) D:6            Lair (4/5) D:11
 Shoals (0/4) Lair:2        Snake (0/4) Lair:2          Orc (0/2) D:9
  Slime: Lair:4-5

Altars:
Ashenzari
Cheibriados
Dithmenos
Fedhas
Gozag
Hepliaklqana
Kikubaaqudgha
Makhleb
Nemelex Xobeh
Okawaru
Qazlal
Ru
Sif Muna
Trog
Uskayaw
Vehumet
Wu Jian
Xom
Yredelemnul
Beogh

Shops:
D:4 :

Portals:
Trove: D:10 (give 17 scrolls of teleportation)


Innate Abilities, Weirdness & Mutations

You do not regenerate when monsters are visible.
You are frail without blood (-20% HP).
You can heal yourself when you bite living creatures.
You are immune to poison.
You have razor-sharp teeth.
You have supernaturally acute eyesight. (SInv)
You are afflicted with vampirism and can become a bat while bloodless.


Message History

The death yak misses you.
Unknown command.
Unknown command.
Casting: Dazzling Flash (mildly dangerous; 3% risk of failure)
Confirm with . or Enter, or press ? or * to list all spells.
Casting: Dazzling Flash (mildly dangerous; 3% risk of failure)
Press: ? - help, Dir - look around, f - activate The death yak gores you!
Unknown command.
Unknown command.
Casting: Dazzling Flash (mildly dangerous; 3% risk of failure)
Confirm with . or Enter, or press ? or * to list all spells.
Casting: Dazzling Flash (mildly dangerous; 3% risk of failure)
Press: ? - help, Dir - look around, f - activate The death yak barely misses you.
Unknown command.
Unknown command.
Casting: Dazzling Flash (mildly dangerous; 3% risk of failure)
Confirm with . or Enter, or press ? or * to list all spells.
Your hands begin to glow red.
The death yak gores you!!
You hit the death yak but do no damage. You hit the death yak but do no damage.
The death yak barely misses you.
You hit the death yak but do no damage.
Your +6 dagger of electrocution stops crackling.
Your +5 long sword of freezing glows with a cold blue light!
b - a +5 long sword of freezing (weapon)
The death yak gores you!
You barely miss the death yak.
You bite the death yak, but do no damage.
The death yak gores you!!
* * * LOW HITPOINT WARNING * * *
You hit the death yak but do no damage. You hit the death yak but do no damage.
The death yak barely misses you.
You barely miss the death yak. The death yak barely misses you.
You completely miss the death yak. You completely miss the death yak.
You bite the death yak, but do no damage.
The death yak barely misses you.
You hit the death yak but do no damage. The death yak gores you!
You die...

......................#
...#..#..............##
..<.................##
..................Y##
...#...####.......##
..####..# ##†.)....#
..# #..# #....#### .##
#.## #.#.Y## ..# #.#
#####@# ..####.## ###
....#..P## .........#
..#P.....P# ####....###
# #...## #...P. #...P.#


You could see a death yak.

Vanquished Creatures
  Kirke (Lair:3)
  Snorg (Lair:2)
  2 hydras (Lair:2)
  A two-headed ogre (D:11)
  2 boulder beetles
  7 death yaks
  Urug (Lair:2)
  A dancing weapon (Lair:2)
  2 skysharks
  A deep elf pyromancer (D:7)
  A cyclops (D:11)
  A manticore (D:11)
  5 elephants
  A black mamba (Lair:4)
  A black mamba (shapeshifter) (D:11)
  11 cane toads
  A gargoyle (D:11)
  4 komodo dragons
  2 unseen horrors (D:11)
  2 rime drakes
  5 polar bears
  2 merfolk (Lair:2)
  A hornet (D:9)
  3 trolls
  8 blink frogs
  13 dream sheep
  Grinder (D:6)
  2 wraiths (D:11)
  5 wyverns
  5 hogs (Lair:3)
  3 basilisks
  29 yaks
  4 vampire mosquitoes (D:11)
  3 nagas (Lair:2)
  An acid dragon (D:10)
  Menkaure (D:4)
  Duvessa (D:6)
  12 water moccasins
  5 orc warriors
  A sky beast (D:6)
  An ice beast (D:8)
  2 black bears
  16 wolves
  4 ogres
  4 centaurs
  A phantom (D:5)
  15 bullfrogs
  3 kobold brigands
  6 scorpions
  7 wights
  Dowan (D:6)
  5 killer bees (D:8)
  3 howler monkeys (D:9)
  A bombardier beetle (D:5)
  A crimson imp (D:9)
  8 orc priests
  4 hounds
  5 jellies
  3 iguanas (D:5)
  10 orc wizards
  Robin (D:3)
  3 gnolls (D:3)
  8 adders
  3 shadow imps
  2 white imps
  2 ufetubi (D:5)
  4 dart slugs
  81 orcs
  3 ball pythons
  8 endoplasms
  A giant cockroach (D:3)
  15 goblins
  7 hobgoblins
  5 quokkas
  5 bats
  4 frilled lizards
  19 kobolds
  3 rats
427 creatures vanquished.

Vanquished Creatures (collateral kills)
  A merfolk siren (Lair:2)
  A merfolk (Lair:2)
  A yak (Lair:2)
  2 orc warriors
  A bullfrog (D:11)
  13 wights
  An orc priest (D:6)
  3 orcs
23 creatures vanquished.

Vanquished Creatures (others)
  A death yak (Lair:3)
  2 dancing weapons
  An elephant (Lair:1)
  An orc warrior (D:8)
5 creatures vanquished.

Grand Total: 455 creatures vanquished

Notes
Turn   | Place    | Note
-------+----------+-------------------------------------------
     0 | D:1      | tilp the Vampire Enchanter began the quest for the Orb.
     0 | D:1      | Reached XP level 1. HP: 13/13 MP: 3/3
   187 | D:1      | Reached XP level 2. HP: 20/20 MP: 5/5
   190 | D:1      | Learned a level 2 spell: Ensorcelled Hibernation
   987 | D:2      | Gained mutation: You are afflicted with vampirism and can
                  | become a bat while bloodless. [Vampire growth]
   987 | D:2      | Reached XP level 3. HP: 25/25 MP: 1/6
   991 | D:2      | Learned a level 3 spell: Confusing Touch
  1186 | D:2      | Reached skill level 1 in Long Blades
  1452 | D:3      | Reached skill level 1 in Fighting
  1542 | D:3      | Reached skill level 5 in Hexes
  1544 | D:3      | Reached XP level 4. HP: 21/32 MP: 2/7
  1760 | D:3      | Got Wyzxu's Treatise on Resurrection and Coordinates
  1992 | D:3      | Reached skill level 5 in Stealth
  2085 | D:3      | Reached XP level 5. HP: 37/37 MP: 3/8
  2318 | D:3      | Found a faded altar of an unknown god.
  2458 | D:3      | Noticed an ogre
  2469 | D:3      | Killed an ogre
  2470 | D:3      | Reached skill level 2 in Long Blades
  2470 | D:3      | Reached XP level 6. HP: 44/44 MP: 0/9
  2608 | D:4      | Noticed Robin
  2767 | D:4      | Identified the ring of Dawn {Fly Str+2}
  2789 | D:4      | Reached skill level 1 in Shields
  2814 | D:4      | Found Kixy's Tiny Tomes.
  2851 | D:3      | Killed Robin
  2985 | D:4      | Noticed Menkaure
  2996 | D:4      | Killed Menkaure
  3130 | D:4      | Found a shimmering blue altar of Sif Muna.
  3155 | D:4      | Reached XP level 7. HP: 51/51 MP: 8/11
  3308 | D:5      | Entered Level 5 of the Dungeon
  3312 | D:5      | Reached skill level 3 in Long Blades
  3535 | D:5      | Learned a level 3 spell: Tukima's Dance
  3539 | D:5      | Learned a level 3 spell: Dazzling Flash
  3881 | D:5      | Reached XP level 8. HP: 55/58 MP: 12/12
  4365 | D:5      | Reached skill level 4 in Long Blades
  4640 | D:6      | Noticed Grinder
  4645 | D:6      | Killed Grinder
  4708 | D:6      | Noticed Duvessa
  4709 | D:6      | Noticed Dowan
  4719 | D:6      | Killed Duvessa
  4723 | D:6      | Killed Dowan
  4835 | D:6      | Identified the +8 hand axe of the Shrinking Gods {freeze,
                  | rF+}
  4916 | D:6      | Reached XP level 9. HP: 15/66 MP: 1/14
  5065 | D:6      | Found a staircase to the Ecumenical Temple.
  5080 | Temple   | Entered the Ecumenical Temple
  5367 | D:6      | Reached skill level 5 in Long Blades
  5874 | D:7      | Reached skill level 1 in Evocations
  6073 | D:7      | Found a sacrificial altar of Ru.
  6120 | D:7      | Found a broken altar of Ashenzari.
  6331 | D:7      | Found an ornate altar of the Wu Jian Council.
  6352 | D:7      | Reached skill level 5 in Fighting
  6368 | D:7      | Became a worshipper of the Wu Jian Council
  6660 | D:7      | Reached skill level 5 in Dodging
  6825 | D:7      | Noticed a deep elf pyromancer
  6833 | D:7      | Killed a deep elf pyromancer
  7362 | D:8      | Reached skill level 6 in Long Blades
  7366 | D:8      | Reached XP level 10. HP: 74/74 MP: 8/16
  7396 | D:8      | Reached skill level 10 in Hexes
  7914 | D:8      | Reached * piety under Wu Jian
  8199 | D:8      | Identified a scroll of acquirement
  8199 | D:8      | Acquired the amulet of Wabuupil {RegenMP+ rCorr Dex+4
                  | Slay+3}
  8582 | D:9      | Found a staircase to the Orcish Mines.
  8926 | D:9      | Reached ** piety under Wu Jian
  9217 | D:9      | Found a burning altar of Makhleb.
  9218 | D:9      | Found a shimmering altar of Xom.
  9272 | D:10     | Entered Level 10 of the Dungeon
  9288 | D:10     | Found a transporter.
  9288 | D:10     | Found a transporter.
  9290 | D:10     | Found a transporter.
  9458 | D:10     | Found a transporter.
  9608 | D:10     | Reached skill level 7 in Long Blades
  9652 | D:10     | Found a sparkling altar of Nemelex Xobeh.
  9743 | D:10     | Reached skill level 5 in Spellcasting
 10048 | D:10     | Found a portal to a secret trove of treasure.
 10099 | D:10     | Found a roughly hewn altar of Beogh.
 10298 | D:11     | Noticed a two-headed ogre
 10311 | D:11     | Killed a two-headed ogre
 10312 | D:11     | Reached XP level 11. HP: 54/83 MP: 3/18
 10631 | D:11     | Reached *** piety under Wu Jian
 10644 | D:11     | Reached skill level 10 in Stealth
 10752 | D:11     | Found a staircase to the Lair.
 10755 | D:11     | Reached skill level 8 in Long Blades
 11110 | Lair:1   | Entered Level 1 of the Lair of Beasts
 11694 | Lair:1   | Reached skill level 9 in Long Blades
 11770 | Lair:1   | Reached XP level 12. HP: 75/75 MP: 21/21
 12477 | Lair:2   | Noticed an eight-headed hydra
 12479 | Lair:2   | Killed an eight-headed hydra
 12537 | Lair:2   | Found a staircase to the Snake Pit.
 12543 | Lair:2   | Reached **** piety under Wu Jian
 12579 | Lair:2   | Noticed Urug
 12583 | Lair:2   | Noticed a boulder beetle
 12590 | Lair:2   | Killed a boulder beetle
 12591 | Lair:2   | Reached skill level 10 in Long Blades
 12708 | Lair:2   | Noticed a five-headed hydra
 12714 | Lair:2   | Killed a five-headed hydra
 12748 | Lair:2   | Killed Urug
 12965 | Lair:2   | Found a staircase to the Shoals.
 13044 | Lair:2   | Reached skill level 10 in Fighting
 13067 | Lair:2   | Reached skill level 11 in Long Blades
 13603 | Lair:3   | Noticed Kirke
 13635 | Lair:3   | Killed Kirke
 13636 | Lair:3   | Reached skill level 12 in Long Blades
 13636 | Lair:3   | Reached XP level 13. HP: 62/82 MP: 7/23
 13752 | Lair:3   | Noticed Snorg
 13995 | Lair:3   | Reached skill level 13 in Long Blades
 14006 | Lair:3   | Reached ***** piety under Wu Jian
 14917 | Lair:2   | Killed Snorg
 15646 | Lair:4   | Slain by a death yak

Illustrated notes

Levels and vault maps discovered:
D:1:      saegor_arrival_simple_e, layout_basic
D:2:      layout_basic, basic_altar, dreamdust_mushroom_princess,
          feat_on_display
D:3:      layout_loops_ring, shapermc_ecumenical_altar_notcrosses,
          minmay_fractal_squares_gapless_5
D:4:      layout_gridville, mainiacjoe_overflow_surrounded_room,
          nicolae_shop_i_like_small_books_too, uniq_robin, uniq_menkaure
D:5:      minmay_general_purpose_star, layout_basic
D:6:      layout_loops_ring, minmay_temple_entry_antechambers, uniq_grinder,
          uniq_duvessa
D:7:      layout_gridville, nzn_wu_jian_contemplation,
          mainiacjoe_overflow_catch_the_wave, guppyfry_early_elven_hall
D:8:      layout_loops_ring
D:9:      layout_loops_corners, grunt_temple_overflow_champion_of_chaos,
          orc_0_dummy, minmay_misc_feat_cross
D:10:     layout_basic, nicolae_overflow_hidden_temple, special_room
          [special_room_orc], nicolae_trove_entry_columns,
          nicolae_diode_quadrants
D:11:     layout_gridville, grunt_lair_entry_orc_guard_hut, chequers_jeans
Temple:   bh_familiar_temple
Lair:1:   layout_misc_corridors
Lair:2:   layout_chaotic_city, elwin_shoals_entry_stream,
          nicolae_snake_entry_squirm, uniq_urug
Lair:3:   layout_chaotic_city, grunt_megastairs_4, uniq_snorg, uniq_kirke
Lair:4:   dragon1_lemuel, layout_gridlike, minivault_11, grunt_megastairs_3

Skill      XL: |  1  2  3  4  5  6  7  8  9 10 11 12 13 |
---------------+----------------------------------------+-----
Long Blades    | 1 2 3 4 6 7 9 12 13 | 13.8
Fighting       | 1 2 3 4 5 6 8 10 | 10.5
Hexes          | 5 6 7 8 9 11 12 | 12.4
Stealth        | 5 6 7 8 9 11 12 | 12.6
Short Blades   | 2 3 |  3.0
Shields        | 1 2 3 4 |  4.5
Dodging        | 3 4 5 6 |  6.5
Spellcasting   | 3 4 5 6 7 |  7.3
Evocations     | 2 3 4 |  4.5

Action                     |  1- 3 |  4- 6 |  7- 9 | 10-12 | 13-15 || total
---------------------------+-------+-------+-------+-------+-------++-------
  Melee: Dagger            |    66 |    99 |   198 |   445 |   129 ||   937
         Bite              |     4 |     8 |    12 |    46 |    24 ||    94
         Falchion          |       |       |    14 |       |       ||    14
         Long sword        |       |       |       |       |    48 ||    48
  Throw: Dart              |     1 |       |       |     1 |     4 ||     6
   Cast: Ensorcelled Hiber |    12 |    19 |    60 |   131 |    60 ||   282
         Confusing Touch   |       |     1 |     5 |    16 |     9 ||    31
         Tukima's Dance    |       |       |     7 |    34 |       ||    41
         Dazzling Flash    |       |       |     5 |    16 |    40 ||    61
Ability: Lunge             |       |       |     3 |    45 |    18 ||    66
         Whirlwind         |       |       |       |    21 |     9 ||    30
         Exsanguinate      |       |       |       |     1 |       ||     1
  Evoke: Wand              |       |       |     1 |     2 |    10 ||    13
    Use: Scroll            |     3 |       |    13 |     7 |     2 ||    25
         Potion            |       |       |     1 |     1 |       ||     2
   Stab: Sleeping          |    15 |    16 |    48 |    87 |    48 ||   214
         Confused          |       |     1 |     5 |     9 |     5 ||    20
         Distracted        |       |     1 |       |     2 |     2 ||     5
         Invisible         |       |       |       |    10 |    14 ||    24
 Armour: Robe              |    29 |       |       |   122 |    94 ||   245
         Leather armour    |       |    47 |   108 |    23 |       ||   178
  Dodge: Dodged            |    18 |    27 |   101 |   267 |   143 ||   556
  Block: Buckler           |       |    11 |    36 |    97 |    43 ||   187

Table legend: (Time is in decaauts)
 A = Elapsed time spent in this place.
 B = Non-inter-level travel time spent in this place.
 C = Inter-level travel time spent in this place.
 D = Time resting spent in this place.
 E = Time spent auto-exploring this place.
 F = Levels seen in this place.
 G = Mean time per level.
                   A        B        C        D        E       F      G
               +--------+--------+--------+--------+--------+-----+--------+
         Total |  15494 |  14780 |    714 |   2477 |   8885 |  16 |  968.4 |
       Dungeon |  11158 |  10561 |    597 |   1365 |   6909 |  11 | 1014.4 |
        Temple |      1 |      1 |      0 |      0 |      0 |   1 |    1.0 |
          Lair |   4334 |   4217 |    117 |   1112 |   1976 |   4 | 1083.5 |
               +--------+--------+--------+--------+--------+-----+--------+

Top non-repeatable levels by time:
  Lair:2: 1413 daAuts
  Lair:3: 1332 daAuts
     D:5: 1323 daAuts
     D:3: 1313 daAuts
     D:7: 1236 daAuts
  Lair:1: 1214 daAuts
     D:6: 1190 daAuts
     D:8: 1153 daAuts
    D:10: 1013 daAuts
     D:9: 1006 daAuts
    D:11: 930 daAuts
     D:1: 797 daAuts
     D:2: 702 daAuts
     D:4: 490 daAuts
  Lair:4: 375 daAuts
